 Dungeon Crawl Stone Soup version 0.19.1-1-g22dce08 (webtiles) character file.

143 McKennaii the Gusty (level 5, -3/32 HPs)
             Began as a High Elf Air Elementalist on Jan 7, 2017.
             Slain by a hound (4 damage)
             ... on level 4 of the Dungeon.
             The game lasted 00:08:27 (2079 turns).

McKennaii the Gusty (High Elf Air Elementalist)     Turns: 2079, Time: 00:08:28

Health: -3/32      AC:  3    Str:  7    XL:     5   Next: 4%
Magic:  0/12       EV: 13    Int: 20    God:
Gold:   222        SH:  0    Dex: 15    Spells: 3 memorised, 7 levels left

rFire  . . .     SeeInvis .     t - +0 dagger (elec)
rCold  . . .     Gourm    .     a - +0 robe
rNeg   . . .     Faith    .     (no shield)
rPois  .         Spirit   .     (no helmet)
rElec  .         Reflect  .     (no cloak)
rCorr  .         Harm     .     (no gloves)
MR     .....                    w - +0 pair of boots
Stlth  ++........               (no amulet)
                                (no ring)
                                (no ring)

@: very slightly contaminated
A: no striking features
a: no special abilities


You were on level 4 of the Dungeon.
You were not hungry.

You visited 1 branch of the dungeon, and saw 4 of its levels.

You collected 222 gold pieces.

Inventory:

Hand Weapons
 t - a +0 dagger of electrocution (weapon)
Armour
 a - a +0 robe (worn)
 w - a +0 pair of boots (worn)
Jewellery
 p - an uncursed ring of protection from magic {unknown}
 y - a +1 ring of protection {unknown}
Wands
 s - a wand of random effects (17/48)
Scrolls
 d - 2 scrolls of amnesia {unknown}
 g - a scroll of remove curse {unknown}
 i - a scroll of immolation {unknown}
 k - 2 scrolls of identify {unknown}
 l - a scroll of noise {unknown}
 u - a scroll of enchant armour {unknown}
 v - a scroll of blinking {unknown}
 z - a scroll of teleportation {unknown}
Potions
 e - a potion of berserk rage {unknown}
 f - a potion of curing {unknown}
 j - a potion of heal wounds {unknown}
 n - 2 potions of might {unknown}
 o - 2 potions of haste {unknown}
 q - a potion of brilliance {unknown}
 r - a potion of flight {unknown}
Books
 b - a book of Air

   Spells                             Type                      Level
   a - Shock                          Conjuration/Air              1
   b - Swiftness                      Charms/Air                   2
   c - Repel Missiles                 Charms/Air                   2
   d - Static Discharge               Conjuration/Air              3
   e - Lightning Bolt                 Conjuration/Air              5
Comestibles
 c - 3 bread rations
 h - 2 meat rations
 m - 6 fruits


   Skills:
 + Level 0.4 Fighting
 + Level 2.5 Dodging
 + Level 2.3 Stealth
 + Level 0.1 Unarmed Combat
 + Level 4.1 Spellcasting
 + Level 2.6 Conjurations
 + Level 4.6 Air Magic


You had 7 spell levels left.
You knew the following spells:

 Your Spells              Type           Power        Failure   Level  Hunger
a - Shock                 Conj/Air       ###.         2%          1    None
b - Swiftness             Chrm/Air       ##......     10%         2    #......
c - Repel Missiles        Chrm/Air       ##....       10%         2    #......


Dungeon Overview and Level Annotations

Branches:
Dungeon (4/15)
 Temple: D:4-7

Altars:
Okawaru
Trog
Yredelemnul

Annotations:
D:4 efeel's ghost, amateur TeAE


Message History

The hound closely misses you. Efeel's ghost hits you!
* * * LOW HITPOINT WARNING * * *
x2
Casting: Shock
Confirm with . or Enter, or press ? or * to list all spells.
Aiming: Shock
Press: ? - help, Shift-Dir - straight line The zap misses efeel's ghost.
The zap hits efeel's ghost.
Efeel's ghost is almost destroyed.
The hound closely misses you. Efeel's ghost hits you.
* * * LOW HITPOINT WARNING * * *
x2 The hound barely misses you.
An ogre comes into view. It is wielding a giant club.
Casting: Shock
Confirm with . or Enter, or press ? or * to list all spells.
Aiming: Shock
Press: ? - help, Shift-Dir - straight line The zap misses efeel's ghost. x2
The ogre shouts!
The hound bites you.
You die...

##...<........##
##...#...........
#...#.......%...#
#.#...#....)?...#
# ##.#####$(.####
.#.............#
........#...##..#
.......W....†..#.
.##....@........
#.###h#####.... #
#.# ...# ... ..#
#.. #..# #O.#
#..#


You could see an ogre, a hound and efeel's ghost.

Vanquished Creatures
  Jessica (D:2)
  6 adders
  A worm (D:2)
  A dart slug (D:1)
  A leopard gecko (D:2)
  3 orcs (D:3)
  4 giant cockroaches
  5 goblins
  6 hobgoblins
  2 quokkas
  9 bats
  6 frilled lizards
  6 kobolds
  6 rats
57 creatures vanquished.

Notes
Turn   | Place    | Note
-------+----------+-------------------------------------------
     0 | D:1      | McKennaii the High Elf Air Elementalist began the quest for the Orb.
     0 | D:1      | Reached XP level 1. HP: 11/11 MP: 4/4
   182 | D:1      | Reached XP level 2. HP: 11/17 MP: 0/6
   186 | D:1      | Learned a level 2 spell: Swiftness
   189 | D:1      | Learned a level 2 spell: Repel Missiles
   638 | D:2      | Found an iron altar of Okawaru.
   645 | D:2      | Reached XP level 3. HP: 16/21 MP: 2/8
   873 | D:2      | Noticed Jessica
   930 | D:2      | Found a bloodstained altar of Trog.
  1427 | D:2      | Found a basalt altar of Yredelemnul.
  1434 | D:2      | Killed Jessica
  1434 | D:2      | Reached XP level 4. HP: 27/27 MP: 4/10
  2063 | D:4      | Reached XP level 5. HP: 32/32 MP: 9/12
  2064 | D:4      | Noticed efeel's ghost (amateur TeAE)
  2078 | D:4      | HP: 1/32 [efeel's ghost (1)]
  2079 | D:4      | Noticed an ogre
  2079 | D:4      | Slain by a hound

Skill      XL: |  1  2  3  4 |
---------------+-------------+-----
Air Magic      | 4 |  4.6
Spellcasting   | 3 4 |  4.1
Conjurations   | 2 |  2.6
Fighting       | |  0.4
Dodging        | |  2.5
Stealth        | |  2.3
Unarmed Combat | |  0.1

Action                   |  1- 3 |  4- 6 || total
-------------------------+-------+-------++-------
Melee: Unarmed           |    35 |       ||    35
 Cast: Shock             |    65 |    46 ||   111
  Eat: Pizza             |     1 |     1 ||     2
       Fruit             |     1 |       ||     1
Armor: Robe              |     8 |       ||     8
Dodge: Dodged            |    44 |     3 ||    47
